 Dungeon Crawl Stone Soup version 0.26-a0-778-g3fe0686644 (webtiles) character file.

Game seed: 11885275508400075991

583 DarkMailMan the Insei (level 6, -18/50 HPs)
             Began as a Demigod Transmuter on Nov 10, 2020.
             Demolished by an ogre
             ... wielding a +0 giant spiked club
              (29 damage)
             ... on level 4 of the Dungeon.
             The game lasted 00:15:30 (6097 turns).

DarkMailMan the Insei (Demigod Transmuter)          Turns: 6097, Time: 00:15:31

Health: -18/50     AC:  2    Str: 15    XL:     6   Next: 90%
Magic:  11/13      EV: 21    Int: 19    God:
Gold:   156        SH:  0    Dex: 21    Spells: 6/10 levels left

rFire    . . .     SeeInvis .     - Unarmed
rCold    . . .     Faith    .   (shield currently unavailable)
rNeg     + . .     Spirit   .   (armour currently unavailable)
rPois    x         Reflect  .   (helmet currently unavailable)
rElec    .         Harm     .   (cloak currently unavailable)
rCorr    .         Rampage  .   (gloves currently unavailable)
MR       .....                  (boots currently unavailable)
Stlth    ++........             (no amulet)
HPRegen  0.16/turn              n - ring of positive energy
MPRegen  0.13/turn              (no ring)

@: spider-form
A: tiny, high mp 1
a: End Transformation


You were on level 4 of the Dungeon.
You were a venomous arachnid creature.
You visited 1 branch of the dungeon, and saw 6 of its levels.

You collected 156 gold pieces.

Inventory:

Hand Weapons
 f - a +0 giant spiked club
 q - a +1 whip of freezing
Missiles
 h - 6 poisoned darts (quivered)
Armour
 a - a +0 robe
 d - a +0 ring mail
 g - a +0 ring mail
 p - a +0 helmet (melded)
 r - a +0 leather armour (melded)
 s - a +0 pair of gloves (melded)
Jewellery
 n - a ring of positive energy (left front leg)
Wands
 c - a wand of iceblast (5)
Scrolls
 l - a scroll of remove curse
 o - a scroll of teleportation
Potions
 b - 4 potions of attraction {unknown}
 e - a potion of haste
 i - a potion of berserk rage
 j - 2 potions of resistance
 k - 2 potions of flight {unknown}
 m - a potion of lignification {unknown}


   Skills:
 * Level 2.6 Fighting
 + Level 1.0 Armour
 + Level 3.0 Dodging
 - Level 0.4 Stealth
 + Level 4.6 Unarmed Combat
 + Level 2.9 Spellcasting
 * Level 3.5 Transmutations
 + Level 1.0 Poison Magic


You had 6 spell levels left.
You knew the following spells:

 Your Spells              Type           Power        Failure   Level
a - Beastly Appendage     Tmut           ###...       12%         1
b - Spider Form           Tmut/Pois      ##........   38%         3

Your spell library contained the following spells:

 Spells                   Type           Power        Failure   Level
 Wereblood                Tmut           ###.....     16%         2
 Ice Form                 Ice/Tmut       #.......     78%         4
 Blade Hands              Tmut           ###.......   86%         5


Dungeon Overview and Level Annotations

Branches:
Dungeon (6/15)
 Temple: D:4-7

Annotations:
D:5 Prince Ribbit


Innate Abilities, Weirdness & Mutations

You have an increased reservoir of magic. (+10% MP)


Message History

The ogre is severely wounded.
The jackal barely misses you.
The ogre hits you with a +0 giant spiked club!!
Ouch! That really hurt!
* * * LOW HITPOINT WARNING * * *
A hound comes into view.
The jackal completely misses you.
The hound barks!
You hit the ogre but do no damage.
The ogre looks as sick as possible!
The ogre is severely wounded.
The jackal misses you. The ogre completely misses you.
You hit the ogre.
The ogre looks as sick as possible!
The ogre is severely wounded.
The jackal misses you.
You barely miss the ogre.
The ogre is almost dead.
The jackal misses you.
The ogre hits you with a +0 giant spiked club!!
Ouch! That really hurt!
You die...

.. ##. ... #..
... ... ....
#.# .....
###.###.....
###...#.......
#....s†..#
#....Oh..#
#....)...#
#.........#
##(......h.#
#...##......
#(..# .....#.
#.(.. .......
#..... .......


You could see an ogre (extremely poisoned), a hound and a jackal.

Vanquished Creatures
  2 ogres
  A phantom (D:2)
  A hound (D:4)
  2 orc priests (D:3)
  Ijyb (D:2)
  An orc wizard (D:3)
  A hound skeleton (D:4)
  4 gnolls
  4 adders
  2 oozes
  An adder zombie (D:1)
  An adder skeleton (D:4)
  2 worms (D:3)
  3 leopard geckos
  2 orcs (D:3)
  9 bats
  4 giant cockroaches
  12 goblins
  11 hobgoblins
  8 jackals
  A quokka (D:2)
  A ball python (D:3)
  2 frilled lizards (D:1)
  A giant cockroach zombie (D:1)
  5 kobolds
  A quokka skeleton (D:4)
  7 rats
90 creatures vanquished.

Notes
Turn   | Place    | Note
-------+----------+-------------------------------------------
     0 | D:1      | DarkMailMan the Demigod Transmuter began the quest for the
                  | Orb.
     0 | D:1      | Reached XP level 1. HP: 15/15 MP: 5/5
   181 | D:1      | Reached skill level 3 in Unarmed Combat
   580 | D:1      | Reached XP level 2. HP: 22/22 MP: 5/7
   640 | D:1      | Reached skill level 1 in Fighting
  1197 | D:1      | Reached XP level 3. HP: 23/28 MP: 6/8
  2179 | D:2      | Noticed a phantom
  2225 | D:2      | Killed a phantom
  2225 | D:2      | Reached XP level 4. HP: 9/35 MP: 7/10
  3062 | D:3      | Noticed an ogre
  3380 | D:2      | Reached XP level 5. HP: 37/40 MP: 9/11
  3405 | D:2      | Learned a level 3 spell: Spider Form
  3574 | D:2      | Found a bloodstained altar of Trog.
  3910 | D:3      | Noticed Ijyb
  3922 | D:2      | Killed an ogre
  3922 | D:2      | Reached skill level 4 in Unarmed Combat
  3936 | D:2      | Killed Ijyb
  4691 | D:3      | You fall into a shaft and drop 3 floors!
  4726 | D:6      | Noticed an ogre
  4728 | D:6      | Noticed an ogre
  4731 | D:5      | Entered Level 5 of the Dungeon
  4750 | D:5      | Noticed Prince Ribbit
  4779 | D:4      | Reached XP level 6. HP: 24/48 MP: 13/13
  5119 | D:3      | Found an ornate altar of the Wu Jian Council.
  5803 | D:3      | Reached skill level 1 in Poison Magic
  6074 | D:4      | Reached skill level 1 in Armour
  6097 | D:4      | Demolished by an ogre

Illustrated notes

Levels and vault maps discovered:
D:1:      saegor_arrival_fortress, layout_basic
D:2:      layout_basic, old_standard_altar
D:3:      layout_loops_ring, marbit_many_paths, minmay_goblin_kobold_house,
          uniq_ijyb
D:4:      layout_cave_pools, nicolae_overflow_crystal_walls, bloody_trog
D:5:      layout_rooms, grunt_temple_overflow_diamond, kennysheep_mini_moat,
          uniq_eustachio, uniq_duvessa, uniq_menkaure, uniq_prince_ribbit1
D:6:      layout_loops_ring, gammafunk_ghost_cemetery

Skill      XL: |  1  2  3  4  5  6 |
---------------+-------------------+-----
Unarmed Combat | 3 4 |  4.6
Dodging        | 2 3 |  3.0
Fighting       | 1 2 |  2.6
Transmutations | 2 3 |  3.5
Spellcasting   | 2 |  2.9
Poison Magic   | 1 |  1.0
Armour         | 1 |  1.0
Stealth        | |  0.4

Action                   |  1- 3 |  4- 6 || total
-------------------------+-------+-------++-------
Melee: Unarmed           |   102 |   192 ||   294
       Kick              |    18 |     6 ||    24
       Headbutt          |     9 |     8 ||    17
       Punch             |       |     3 ||     3
Throw: Dart              |       |     4 ||     4
 Cast: Beastly Appendage |    16 |     7 ||    23
       Spider Form       |       |    19 ||    19
Evoke: Wand              |       |     1 ||     1
  Use: Scroll            |     6 |     3 ||     9
       Potion            |       |     5 ||     5
 Stab: Sleeping          |       |     3 ||     3
Armor: Robe              |    19 |    12 ||    31
       Skin              |       |     8 ||     8
       Ring mail         |       |     3 ||     3
       Leather armour    |       |    14 ||    14
Dodge: Dodged            |   117 |   217 ||   334

Table legend: (Time is in decaauts)
 A = Elapsed time spent in this place.
 B = Non-inter-level travel time spent in this place.
 C = Inter-level travel time spent in this place.
 D = Time resting spent in this place.
 E = Time spent auto-exploring this place.
 F = Levels seen in this place.
 G = Mean time per level.
                   A        B        C        D        E       F      G
               +--------+--------+--------+--------+--------+-----+--------+
         Total |   6072 |   6072 |      0 |   2769 |   1231 |   6 | 1012.0 |
       Dungeon |   6072 |   6072 |      0 |   2769 |   1231 |   6 | 1012.0 |
               +--------+--------+--------+--------+--------+-----+--------+

Top non-repeatable levels by time:
     D:3: 2102 daAuts
     D:1: 1978 daAuts
     D:2: 1794 daAuts
     D:4: 132 daAuts
     D:6: 39 daAuts
     D:5: 24 daAuts
